 Dungeon Crawl Stone Soup version 0.27-a0-972-gd1521fd518 (webtiles) character file.

Game seed: 9650909017225963688

10 Alarkh the Insei (level 2, 14/21 HPs)
             Began as a Demonspawn Transmuter on Apr 13, 2021.
             Got out of the dungeon alive.
             The game lasted 00:00:23 (199 turns).

Alarkh the Insei (Demonspawn Transmuter)             Turns: 199, Time: 00:00:23

Health: 14/21      AC:  2    Str: 10    XL:     2   Next: 10%
Magic:  5/5        EV: 12    Int: 14    God:
Gold:   7          SH:  0    Dex: 13    Spells: 4/5 levels left

rFire    . . .     SeeInvis .     - Unarmed
rCold    . . .     Faith    .   (no shield)
rNeg     . . .     Spirit   .   a - +0 robe
rPois    .         Reflect  .   (helmet restricted)
rElec    .         Harm     .   (no cloak)
rCorr    .         Rampage  .   (no gloves)
Will     .....                  (no boots)
Stlth    +.........             (no amulet)
HPRegen  0.07/turn              (no ring)
MPRegen  0.09/turn              (no ring)

@: no status effects
A: antennae 1
a: no special abilities


You escaped.
You visited 1 branch of the dungeon, and saw 1 of its levels.

You collected 7 gold pieces.

Inventory:

Armour
 a - a +0 robe (worn)
Jewellery
 b - a ring of ice
Scrolls
 c - a scroll of enchant weapon {unknown}


   Skills:
 + Level 1.2 Fighting
 - Level 1.7 Dodging
 * Level 2.9 Unarmed Combat
 + Level 2.1 Spellcasting
 + Level 1.9 Transmutations


You had 4 spell levels left.
You knew the following spells:

 Your Spells              Type           Power      Damage    Failure   Level
a - Beastly Appendage     Tmut           14%        N/A       11%         1

Your spell library contained the following spells:

 Spells                   Type           Power      Damage    Failure   Level
 Wereblood                Tmut           7%         N/A       16%         2
 Spider Form              Tmut/Pois      2%         N/A       43%         3
 Ice Form                 Ice/Tmut       4%         N/A       83%         4
 Hydra Form               Tmut           3%         N/A       96%         5


Dungeon Overview and Level Annotations

Branches:
Dungeon (1/15)

Altars:


Innate Abilities, Weirdness & Mutations

You have a pair of small antennae on your head.


Message History

The bat hits you but does no damage.
You have reached level 2!
Your demonic ancestry asserts itself...
The horns on your head shrink a bit. The horns on your head shrink away.
A pair of antennae grows on your head!
You hit the bat but do no damage. Your kick misses the bat.
The bat hits you but does no damage. The bat barely misses you.
Things that are here:
a rat corpse; a jackal corpse Your talons disappear.
The bat barely misses you. The bat barely misses you.
Things that are here:
a rat corpse; a jackal corpse You miss the bat.
The bat barely misses you. The bat misses you. The bat hits you.
A rat comes into view.
Things that are here:
a rat corpse; a jackal corpse You closely miss the bat.
The bat closely misses you. The bat closely misses you. The bat misses you.
You hit the bat.
You kill the bat!
Casting: Beastly Appendage (safe; 11% risk of failure)
Confirm with . or Enter, or press ? or * to list all spells.
Your feet morph into talons.
Unknown command.
You closely miss the rat. Your kick misses the rat. The rat barely misses you.
You closely miss the rat. Your kick misses the rat. The rat barely misses you.
You closely miss the rat. You claw the rat.
You kill the rat!
Unknown command.
Your transformation is almost over.
Your talons disappear.
There is an open door here.
You see here 16 bolts.
There is a staircase leading out of the dungeon here.
Are you sure you want to leave the Dungeon?
This will make you lose the game!
You have escaped!

#.####..# #.#
... #'# #.
####.####
##..#.#..##
#.#.#.#.#.#
#..#.(.#..#
####.....####
+.....@.....+
####.....####
#..#...#..#
#.#.#.#.#.#
##..#.#..##
####.#### #+#


There were no monsters in sight!

Vanquished Creatures
  A ball python (D:1)
  A bat (D:1)
  2 endoplasms (D:1)
  2 jackals (D:1)
  A frilled lizard (D:1)
  2 rats (D:1)
9 creatures vanquished.

Notes
Turn   | Place    | Note
-------+----------+-------------------------------------------
     0 | D:1      | Alarkh the Demonspawn Transmuter began the quest for the
                  | Orb.
     0 | D:1      | Reached XP level 1. HP: 15/15 MP: 3/3
   129 | D:1      | Lost mutation: You have a pair of horns on your head.
                  | [demonic ancestry]
   129 | D:1      | Lost mutation: You have a pair of small horns on your head.
                  | [demonic ancestry]
   129 | D:1      | Gained mutation: You have a pair of small antennae on your
                  | head. [demonic ancestry]
   129 | D:1      | Reached XP level 2. HP: 10/21 MP: 3/5
   199 | D:$      | Got out of the dungeon alive.

Illustrated notes

Levels and vault maps discovered:
D:1:      nzn_arrival_crosshair, layout_rooms,
          shapermc_ecumenical_altar_mp_urbaneastern, minmay_tree_intersection,
          interstate_on_off, minmay_misc_feat_cross

Action                   || total
-------------------------++-------
Melee: Unarmed           ||    22
       Kick              ||     5
       Headbutt          ||     3
 Cast: Beastly Appendage ||     4
 Stab: Sleeping          ||     1
Armor: Robe              ||     4
Dodge: Dodged            ||    22

Table legend: (Time is in decaauts)
 A = Elapsed time spent in this place.
 B = Non-inter-level travel time spent in this place.
 C = Inter-level travel time spent in this place.
 D = Time resting spent in this place.
 E = Time spent auto-exploring this place.
 F = Levels seen in this place.
 G = Mean time per level.
                   A        B        C        D        E       F      G
               +--------+--------+--------+--------+--------+-----+--------+
         Total |    197 |    154 |     43 |      0 |     93 |   1 |  197.0 |
       Dungeon |    197 |    154 |     43 |      0 |     93 |   1 |  197.0 |
               +--------+--------+--------+--------+--------+-----+--------+

Top non-repeatable levels by time:
     D:1: 197 daAuts
